 Dungeon Crawl Stone Soup version 0.18-a0-1140-g8540535 (webtiles) character file.

173 Trivium the Shield-Bearer (level 5, -7/50 HPs)
             Began as a Hill Orc Fighter on Jan 21, 2016.
             Killed by divine providence
             ... invoked by an orc priest
              (12 damage)
             ... on level 3 of the Dungeon.
             The game lasted 00:04:22 (1768 turns).

Trivium the Shield-Bearer (Hill Orc Fighter)        Turns: 1768, Time: 00:04:22

Health: -7/50      AC:  5    Str: 20    XL:     5   Next: 53%
Magic:  5/5        EV: 15    Int:  8    God:
Gold:   121        SH: 10    Dex: 15    Spells: 0 memorised, 4 levels left

rFire  + . .     SeeInvis .     a - +0 war axe
rCold  + . .     Gourm    .     p - +1 leather armour {rF+}
rNeg   . . .     Faith    .     c - +0 shield
rPois  .         Spirit   .     (no helmet)
rElec  .         Dismiss  .     (no cloak)
rCorr  .         Reflect  .     n - +0 pair of gloves
SustAt .         Harm     .     (no boots)
MR     .....                    k - amulet of rage
Stlth  ++........               (no ring)
                                (no ring)

@: agile, exhausted, flying, slowed, very slow, not resistant to hostile
enchantments, unstealthy
A: cold resistance 1, robust 1
a: Convert to Beogh, Evoke Berserk Rage


You were on level 3 of the Dungeon.
You were very hungry.

You visited 1 branch of the dungeon, and saw 3 of its levels.
You also visited: Sewer.

You collected 121 gold pieces.

Inventory:

Hand Weapons
 a - a +0 war axe (weapon)
Armour
 b - a +0 scale mail
 c - a +0 shield (worn)
 n - a +0 pair of gloves (worn)
 p - a +1 leather armour of fire resistance (worn)
Jewellery
 k - an amulet of rage (around neck)
Scrolls
 l - 3 scrolls of identify
 m - a scroll of fog {unknown}
Potions
 d - a potion of might
Comestibles
 f - 5 bread rations
 g - 4 meat rations
 j - 2 slices of pizza


   Skills:
 + Level 4.1 Fighting
 * Level 4.2 Axes
 + Level 3.9 Armour
 + Level 1.7 Dodging
 + Level 0.1 Stealth
 + Level 4.4 Shields


You had 4 spell levels left.
You didn't know any spells.

Dungeon Overview and Level Annotations

Branches:
Dungeon (3/15)

Altars:


Innate Abilities, Weirdness & Mutations

Your flesh is cold resistant.
You are robust (+10% HP).


Message History

You are too berserk!
You feel a strong urge to attack something.
You are no longer berserk.
You are exhausted.
You feel yourself slow down.
You are feeling hungry.
Drink which item? (? for menu, Esc to quit)
It was a potion of flight.
You feel very buoyant.
You fly up into the air.
Drink which item? (? for menu, Esc to quit)
You feel agile all of a sudden. The orc hits you but does no damage.
The orc priest shouts, "Join the one true god or die!"
The orc priest closely misses you. The orc closely misses you.
You are feeling very hungry.
The orc priest mumbles some strange prayers to Beogh against you.
Something smites you!
You die...

#... #... #... #... #...
#... #...
####################...
#sKo.o@................
#.##################### #.#
*,,,,,,* ******#s# *,,,,,,*
*,,,,,..#************,,,,,,*
*,,,,..>.,,,,,,,,,,,+,,,,,,*
*,,,.....,,,,********,,h.,,*
*,,.......,,,* *,,...,*
**#.....##**** *,,....*


You could see an orc priest, an orc, a giant cockroach and a kobold.

Vanquished Creatures
  A crocodile (Sewer)
  2 adders
  2 orcs (D:3)
  2 ball pythons (D:3)
  6 giant cockroaches
  8 goblins
  7 hobgoblins
  14 jackals
  A quokka (D:2)
  9 bats
  2 giant newts
  8 kobolds
  3 rats (D:1)
65 creatures vanquished.

Notes
Turn   | Place    | Note
--------------------------------------------------------------
     0 | D:1      | Trivium the Hill Orc Fighter began the quest for the Orb.
     0 | D:1      | Reached XP level 1. HP: 19/19 MP: 1/1
    83 | D:1      | Reached XP level 2. HP: 14/27 MP: 2/2
   561 | D:1      | Reached XP level 3. HP: 31/33 MP: 3/3
   822 | D:2      | Reached skill level 4 in Shields
  1226 | D:2      | Reached XP level 4. HP: 40/40 MP: 4/4
  1235 | D:2      | Reached skill level 1 in Dodging
  1512 | D:3      | Gained mutation: You are robust (+10% HP). [potion of beneficial mutation]
  1513 | D:3      | Gained mutation: Your flesh is cold resistant. [potion of beneficial mutation]
  1553 | D:3      | Found a glowing drain.
  1581 | Sewer    | Entered a sewer
  1636 | Sewer    | Noticed a crocodile
  1641 | Sewer    | Killed a crocodile
  1641 | Sewer    | Reached XP level 5. HP: 42/50 MP: 5/5
  1768 | D:3      | Killed from afar by an orc priest

Vault maps used:
D:1:      ncdulo_wetmaze
D:3:      first_bread, portal_sewer_entry_a
Sewer:    sewer_the_crocodile

Action                   |  1- 3 |  4- 6 || total
-------------------------+-------+-------++-------
Melee: War axe           |   144 |    67 ||   211
 Abil: Evoke Berserk Rag |       |     1 ||     1
  Use: Potion            |     1 |     4 ||     5
       Scroll            |       |     4 ||     4
  Eat: Chunk             |     1 |     2 ||     3
